 Dungeon Crawl Stone Soup version 0.30-a0-778-g2ef04afb54 (webtiles) character file.

Game seed: 9576587986803493540

3325 Anon1729 the Fighter (level 9, -3/120 (124) HPs)
             Began as a Minotaur Monk on Feb 15, 2023.
             Was a Priest of Qazlal.
             Slain by an orc warrior
             ... wielding a +0 hand axe of electrocution
              (20 damage)
             ... on level 8 of the Dungeon.
             The game lasted 00:08:46 (6638 turns).

Anon1729 the Fighter (Minotaur Monk)                Turns: 6638, Time: 00:08:47

HP:   -3/120 (124)  AC: 24    Str: 19    XL:     9   Next: 71%
MP:   8/8           EV:  2    Int:  7    God:    Qazlal [***...]
Gold: 328           SH:  4    Dex: 14    Spells: 8/8 levels left

rFire   . . .      SeeInvis +    a - +0 broad axe
rCold   + . .      Faith    .    (no shield)
rNeg    . . .      Spirit   .    (body armour currently unavailable)
rPois   +          Reflect  .    (helmet currently unavailable)
rElec   .          Harm     .    (cloak currently unavailable)
rCorr   .          Rampage  .    (gloves currently unavailable)
Will    .....      NoTele   +    (boots currently unavailable)
Stlth   +                        (no amulet)
HPRegen 0.40/turn                g - ring of see invisible
MPRegen 0.11/turn                k - ring of protection from cold

@: lethally poisoned (-3 -> -9), tree-form, hasted, lightly drained, very quick
A: stationary, stasis, torment immunity, boosted hp, (horns 2), (retaliatory
headbutt)
a: Renounce Religion, Upheaval, Elemental Force


You were on level 8 of the Dungeon.
You worshipped Qazlal.
Qazlal was most pleased with you.
You were a tree.
You visited 2 branches of the dungeon, and saw 9 of its levels.

You collected 328 gold pieces.

Inventory:

Hand Weapons
 a - a +0 broad axe (weapon)
 y - a +0 hand axe
 E - the +1 hand axe of Responsibility {venom, rF++ Str-4 Dex+4}
   (You found it on level 4 of the Dungeon)

   Str:       It affects your strength (-4).
   Dex:       It affects your dexterity (+4).
   rF:        It greatly protects you from fire.
 G - the +3 sling of Sudden Death {flame, Str+4 Dex+2}
   (You found it on level 5 of the Dungeon)

   Str:       It affects your strength (+4).
   Dex:       It affects your dexterity (+2).
Armour
 b - a +0 robe
 l - a +0 pair of gloves (melded)
 x - a +0 chain mail
 F - a +0 plate armour (melded)
Jewellery
 g - a ring of see invisible (left branch)
 k - a ring of protection from cold (right branch)
 r - a ring of fire
 s - a ring of positive energy
Wands
 f - a wand of iceblast (8)
 p - a wand of quicksilver (21)
 A - a wand of flame (32)
 H - a wand of charming (7)
Scrolls
 c - 3 scrolls of magic mapping {unknown}
 j - 2 scrolls of blinking
 m - 4 scrolls of fear
 t - 2 scrolls of poison
 u - a scroll of enchant armour
 w - 2 scrolls of immolation
 B - 8 scrolls of fog
 C - a scroll of amnesia
 D - 4 scrolls of teleportation
 I - a scroll of summoning
 J - a scroll of vulnerability
 K - a scroll of noise {unknown}
Potions
 d - a potion of invisibility {unknown}
 e - a potion of berserk rage {unknown}
 h - a potion of curing
 i - 3 potions of mutation
 n - 2 potions of flight {unknown}
 o - a potion of brilliance
 q - a potion of magic {unknown}
 v - a potion of might
 z - 2 potions of attraction {unknown}


   Skills:
 + Level 9.1 Fighting
 + Level 9.1 Axes
 + Level 8.2 Armour
 + Level 8.2 Dodging
 - Level 1.5 Stealth


You had 8 spell levels left.
You didn't know any spells.
Your spell library contained the following spells:

 Spells                   Type           Power      Damage    Failure   Level
 Kiss of Death            Conj/Necr      0%         2d5       43%         1
 Sting                    Tmut/Pois      0%         1d3       43%         1
 Cigotuvi's Dreadful Rot  Necr/Pois/Air  0%         N/A       56%         2
 Ensorcelled Hibernation  Hex/Ice        0%         N/A       56%         2
 Poisonous Vapours        Pois/Air       0%         N/A       56%         2
 Sublimation of Blood     Necr           0%         N/A       56%         2
 Wereblood                Tmut           0%         N/A       56%         2
 Confusing Touch          Hex            0%         N/A       80%         3
 Inner Flame              Hex/Fire       0%         N/A       80%         3
 Mephitic Cloud           Conj/Pois/Air  0%         N/A       80%         3
 Spider Form              Tmut/Pois      0%         N/A       80%         3
 Anguish                  Hex/Necr       0%         N/A       99%         4
 Animate Dead             Necr           0%         N/A       99%         4
 Dispel Undead            Necr           0%         3d6       99%         4
 Flame Wave               Conj/Fire      0%         2d4       99%         4
 Olgreb's Toxic Radiance  Pois           0%         N/A       99%         4
 Sticky Flame             Conj/Fire      0%         2d3       99%         4
 Borgnjor's Vile Clutch   Necr/Erth      0%         N/A       100%        5
 Death Channel            Necr           0%         N/A       100%        6
 Summon Hydra             Summ           0%         N/A       100%        7


Dungeon Overview and Level Annotations

Branches:
Dungeon (8/15)             Temple (1/1) D:5
   Lair: D:8-11

Altars:
Ashenzari
Cheibriados
Dithmenos
Elyvilon
Fedhas
Gozag
Hepliaklqana
Kikubaaqudgha
Makhleb
Nemelex Xobeh
Okawaru
Qazlal
Ru
Trog
Uskayaw
Vehumet
Xom
Yredelemnul

Annotations:
D:2 1 runed translucent door, Crazy Yiuf
D:8 Psyche


Innate Abilities, Weirdness & Mutations

You are a tree.
Your roots penetrate the ground, keeping you stationary.
You cannot be teleported.
You are immune to unholy pain and torment.
Your maximum health is greatly increased.
Your equipment is partially melded.
((You have a pair of horns on your head.))
((You reflexively headbutt those who attack you in melee.))


Message History

Psyche barely misses you.
You completely miss Psyche.
Psyche gestures wildly while chanting.
Psyche flickers and vanishes for a moment.
You barely miss Psyche. Psyche hits you but does no damage.
You are electrocuted!
* * * LOW HITPOINT WARNING * * *
Psyche miscasts a cantrip.
You hit Psyche.
Psyche is lightly wounded.
Psyche hits you but does no damage.
You feel drained.
You slice Psyche!!
Psyche is heavily wounded.
Psyche barely misses you.
You closely miss Psyche.
Psyche is heavily wounded.
Psyche casts a spell.
A swirling arc of seething chaos appears!
The arc of chaos hits you but does no damage. x2
You are poisoned.
You resist. Psyche hits you but does no damage.
You hit Psyche.
Psyche is heavily wounded.
You feel sick.
Psyche seems less brilliant.
Psyche hits you but does no damage.
You are more poisoned.
You slash Psyche! You punch Psyche.
Psyche is severely wounded.
You feel very sick. Psyche barely misses you. You block Psyche's attack.
The orc warrior hits you with a +0 hand axe of electrocution.
* * * LOW HITPOINT WARNING * * *
You hit the orc warrior.
The orc warrior is lightly wounded.
You hit Psyche but do no damage.
You feel sick.
Psyche hits you with a +2 dagger of chaos.
* * * LOW HITPOINT WARNING * * *
You feel yourself speed up.
The orc warrior hits you but does no damage.
You are electrocuted!!
You die...

. #..# ..###...#
#..# #.#....#
#...# ##......#
...## ##.......#
.....##........##
.................
........[##...$o.
....#..@o# ...##
#.....♣## ..#
........# .#
......... #
........##
........#
...##...# ..#
###.# #. #..


You could see Psyche (invisible) and an orc warrior (drained).

Vanquished Creatures
  Gastronok (D:8)
  A wyvern (D:8)
  2 steam dragons
  A sky beast (D:7)
  An ice beast (D:7)
  An ogre (D:6)
  A centaur (D:8)
  A phantom (D:6)
  A bullfrog (D:7)
  2 necrophages (D:7)
  2 scorpions
  A gnoll sergeant (D:7)
  10 killer bees (D:7)
  3 jellies (D:5)
  An orc priest (D:3)
  A gnoll bouda (D:6)
  3 hounds (D:5)
  Ijyb (D:3)
  2 iguanas
  An orc wizard (D:6)
  Robin (D:4)
  9 gnolls
  10 adders
  A shadow imp (D:5)
  3 white imps
  An ufetubus (D:4)
  3 worms (D:5)
  3 dart slugs
  8 orcs
  14 ball pythons
  11 endoplasms
  6 giant cockroaches
  19 goblins
  5 hobgoblins
  2 jackals (D:1)
  3 quokkas
  5 bats
  5 frilled lizards
  A jackal zombie (D:7)
  6 kobolds
  8 rats
161 creatures vanquished.

Notes
Turn   | Place    | Note
-------+----------+-------------------------------------------
     0 | D:1      | Anon1729 the Minotaur Monk began the quest for the Orb.
     0 | D:1      | Reached XP level 1. HP: 19/19 MP: 0/0
   143 | D:1      | Reached XP level 2. HP: 27/27 MP: 1/1
   151 | D:1      | Reached skill level 1 in Armour
   543 | D:1      | Reached XP level 3. HP: 31/33 MP: 2/2
  1287 | D:2      | Reached XP level 4. HP: 41/41 MP: 3/3
  1485 | D:2      | Found a runed translucent door.
  1486 | D:2      | Noticed Crazy Yiuf
  1626 | D:3      | Noticed Ijyb
  1638 | D:3      | Killed Ijyb
  1904 | D:3      | Reached XP level 5. HP: 47/47 MP: 4/4
  2508 | D:4      | Reached skill level 5 in Fighting
  2554 | D:4      | Found a white marble altar of Elyvilon.
  2652 | D:4      | Found an ancient bone altar of Kikubaaqudgha.
  2690 | D:4      | Identified the +1 hand axe of Responsibility {venom, rF++
                  | Str-4 Dex+4}
  2723 | D:4      | Noticed Robin
  2727 | D:4      | Killed Robin
  2729 | D:4      | Reached skill level 5 in Axes
  2852 | D:4      | Found a stormy altar of Qazlal.
  2852 | D:4      | Found a shimmering altar of Xom.
  2922 | D:4      | Reached XP level 6. HP: 35/56 MP: 5/5
  3223 | D:5      | Entered Level 5 of the Dungeon
  3289 | D:5      | Found a staircase to the Ecumenical Temple.
  3351 | Temple   | Entered the Ecumenical Temple
  3608 | D:4      | Became a worshipper of Qazlal Stormbringer
  3608 | D:4      | Reached * piety under Qazlal
  3608 | D:4      | Reached ** piety under Qazlal
  3728 | D:5      | Reached skill level 5 in Dodging
  3787 | D:5      | Identified the +3 sling of Sudden Death {flame, Str+4
                  | Dex+2}
  3965 | D:5      | Noticed a moth of wrath
  3968 | D:5      | Found a bloodstained altar of Trog.
  3977 | D:5      | Reached XP level 7. HP: 44/62 MP: 6/6
  4538 | D:6      | Noticed a steam dragon
  4547 | D:6      | Killed a steam dragon
  4548 | D:6      | Reached skill level 5 in Armour
  4708 | D:6      | HP: 3/64 [poisoned by a gnoll]
  5026 | D:6      | Reached XP level 8. HP: 69/71 MP: 7/7
  5296 | D:7      | Reached *** piety under Qazlal
  5791 | D:7      | Found a sparkling altar of Nemelex Xobeh.
  5873 | D:7      | Reached XP level 9. HP: 81/81 MP: 8/8
  6404 | D:8      | Noticed a skeletal warrior
  6411 | D:8      | Noticed a skeletal warrior
  6412 | D:8      | Noticed a skeletal warrior
  6595 | D:8      | Noticed Gastronok
  6612 | D:8      | Noticed Psyche
  6618 | D:8      | Killed Gastronok
  6638 | D:8      | Slain by an orc warrior

Illustrated notes

Levels and vault maps discovered:
D:1:      evilmike_arrival_home_sweet_home, layout_basic
D:2:      layout_loops_ring, uniq_crazy_yiuf_cottage
D:3:      layout_basic, minmay_quantized, uniq_ijyb
D:4:      nicolae_cairo_tiling_large, layout_basic,
          mainiacjoe_overflow_24_doors, mainiacjoe_overflow_surrounded_room,
          amethyst_overflow_temple_binary, due_unseen_surprise, uniq_robin
D:5:      layout_basic, tgw_trog, minmay_temple_entry_tees
D:6:      layout_rooms
D:7:      layout_layer_cave, nemelex_spade_bored_becter, enter_ossuary_3,
          minmay_tree_intersection, minmay_misc_feat_rows, dk_noncrumbling_3
D:8:      layout_layer_cave, kennysheep_orc_sif_temple, zin_purify,
          gammafunk_ghost_nasty_kobolds, uniq_maggie, uniq_gastronok,
          uniq_psyche
Temple:   nicolae_temple_slightly_damp_pantheon

Skill      XL: |  1  2  3  4  5  6  7  8  9 |
---------------+----------------------------+-----
Armour         | 1 2 3 4 5 6 8 |  8.2
Fighting       | 4 5 6 7 9 |  9.1
Axes           | 4 5 6 8 9 |  9.1
Dodging        | 4 5 7 8 |  8.2
Stealth        | |  1.5

Action                     |  1- 3 |  4- 6 |  7- 9 || total
---------------------------+-------+-------+-------++-------
  Melee: Hand axe          |    99 |    35 |       ||   134
         Headbutt          |    10 |    29 |    48 ||    87
         Broad axe         |       |   122 |   163 ||   285
         Punch             |       |       |     3 ||     3
    Use: Potion            |       |       |     7 ||     7
         Scroll            |       |       |    11 ||    11
   Stab: Sleeping          |     3 |     1 |       ||     4
 Armour: Robe              |    15 |     1 |       ||    16
         Chain mail        |       |    71 |       ||    71
         Plate armour      |       |    39 |   166 ||   205
         Skin              |       |       |    10 ||    10
  Dodge: Dodged            |    69 |    72 |    90 ||   231
  Block: Other             |       |     3 |    32 ||    35

Table legend: (Time is in decaauts)
 A = Elapsed time spent in this place.
 B = Non-inter-level travel time spent in this place.
 C = Inter-level travel time spent in this place.
 D = Time resting spent in this place.
 E = Time spent auto-exploring this place.
 F = Levels seen in this place.
 G = Mean time per level.
                   A        B        C        D        E       F      G
               +--------+--------+--------+--------+--------+-----+--------+
         Total |   6730 |   6264 |    466 |    345 |   4640 |   9 |  747.8 |
       Dungeon |   6544 |   6097 |    447 |    345 |   4489 |   8 |  818.0 |
        Temple |    185 |    166 |     19 |      0 |    151 |   1 |  185.0 |
               +--------+--------+--------+--------+--------+-----+--------+

Top non-repeatable levels by time:
     D:7: 1191 daAuts
     D:4: 955 daAuts
     D:5: 950 daAuts
     D:2: 820 daAuts
     D:6: 810 daAuts
     D:1: 769 daAuts
     D:3: 759 daAuts
     D:8: 287 daAuts
  Temple: 185 daAuts
